 Dungeon Crawl Stone Soup version 0.24.0-37-gcf1ca852f1 (webtiles) character file.

Game seed: 16284519270185588991, levelgen mode: deterministic

204 Descartes the Ducker (level 5, -6/25 HPs)
             Began as a Felid Monk on Dec 1, 2019.
             Mangled by a gnoll
             ... wielding a +0 halberd
              (15 damage)
             ... on level 3 of the Dungeon.
             The game lasted 00:09:56 (4847 turns).

Descartes the Ducker (Felid Monk)                   Turns: 4847, Time: 00:09:57

Health: -6/25      AC:  1    Str: 10    XL:     5   Next: 52%
Magic:  6/6        EV: 21    Int: 12    God:
Gold:   118        SH:  0    Dex: 18    Spells: 4/4 levels left
                                        Lives:  0   Deaths: 1

rFire    . . .     SeeInvis +     - Unarmed
rCold    . . .     Gourm    .   (shield unavailable)
rNeg     . . .     Faith    .   (armour unavailable)
rPois    .         Spirit   .   (helmet unavailable)
rElec    .         Reflect  .   (cloak unavailable)
rCorr    .         Harm     .   (gloves unavailable)
MR       .....                  (boots unavailable)
Stlth    +++.......             (no amulet)
HPRegen  0.08/turn              (no ring)
MPRegen  0.10/turn              (no ring)

@: quick
A: very small, no armour, no weapons or thrown items, stealth, claws 1, fangs 3,
see invisible, carnivore, speed 1, shaggy fur 1, slow metabolism 1, strong 1,
MP-powered wands, sharp paws
a: no special abilities


You were on level 3 of the Dungeon.
You were completely stuffed.

You visited 1 branch of the dungeon, and saw 3 of its levels.

You collected 118 gold pieces.

Inventory:

Missiles
 d - 26 arrows
Scrolls
 e - 3 scrolls of identify {unknown}
 h - a scroll of remove curse {unknown}
Potions
 b - 2 potions of agility
 f - a potion of curing
 g - a potion of ambrosia {unknown}
 i - a potion of flight {unknown}
 l - a potion of might {unknown}
Comestibles
 a - 4 rations
 c - a chunk of flesh


   Skills:
 + Level 4.0 Fighting
 + Level 5.3 Dodging
 + Level 4.6 Stealth
 * Level 4.9 Unarmed Combat


You had 4 spell levels left.
You didn't know any spells.
Your spell library was empty.

Dungeon Overview and Level Annotations

Branches:
Dungeon (3/15)

Altars:


Innate Abilities, Weirdness & Mutations

You cannot wear armour.
You are incapable of wielding weapons or throwing items.
Your paws allow you to move quietly. (Stealth)
You have sharp claws.
You have razor-sharp teeth.
You have supernaturally acute eyesight. (SInv)
You are carnivorous and can eat meat at any time.
You cover ground quickly.
You are covered in fur. (AC +1)
You have a slow metabolism.
Your sharp claws are effective at attacking unaware monsters.
Your muscles are strong. (Str +2)
You expend magic power (3 MP) to strengthen your wands.


Message History

You scratch the gnoll.
The gnoll is heavily wounded.
The gnoll hits you.
You scratch the gnoll. Your bite misses the gnoll.
The gnoll is almost dead.
The gnoll completely misses you. x2
You scratch the gnoll.
You kill the gnoll!
The gnoll hits you from afar with a +0 halberd.
The gnoll completely misses you. The gnoll completely misses you.
You claw the gnoll!
The gnoll is heavily wounded.
The gnoll hits you from afar with a +0 spear!
You are too injured to fight recklessly!
You scratch the gnoll. You bite the gnoll.
The gnoll is almost dead.
The gnoll barely misses you. The gnoll hits you with a +0 halberd!
Ouch! That really hurt!
You die...

....8.........8.....#.##
............)).....#.##
#....8.......8....#.##
.#...#..#.#..#...#.#######
#.######...######.#......#
.#...#..#.#..#...#.#######
#.................#.## #.#
...................#.##
#.#
................@...#.##
#.#
.................g...#.##
#.#
....#.##...##.#..g....#.##
###.#
...#.#.##.##.#.#.......#.#
#....
...######'######........##
#.#.# .### ...
...##......## ##...) .#
#.## ........##.#####(.g()
.# #.
.....#..##.....g.(..( #
######..#############


You could see 2 gnolls.

Vanquished Creatures
  2 orc wizards (D:2)
  A worker ant (D:2)
  6 gnolls
  6 adders
  A worm (D:2)
  3 leopard geckos
  8 orcs
  5 giant cockroaches
  8 goblins
  5 hobgoblins
  10 jackals
  A quokka (D:2)
  A ball python (D:3)
  6 bats
  4 frilled lizards
  9 kobolds
  11 rats
87 creatures vanquished.

Notes
Turn   | Place    | Note
-------+----------+-------------------------------------------
     0 | D:1      | Descartes the Felid Monk began the quest for the Orb.
     0 | D:1      | Reached XP level 1. HP: 10/10 MP: 2/2
   305 | D:1      | Reached XP level 2. HP: 14/14 MP: 3/3
   854 | D:1      | Reached XP level 3. HP: 12/17 MP: 4/4
  1135 | D:1      | You fall into a shaft and drop 1 floor!
  2145 | D:2      | Reached XP level 4. HP: 16/21 MP: 5/5
  2901 | D:2      | Gained mutation: You do not regenerate when monsters are
                  | visible. [potion of mutation]
  2901 | D:2      | Gained mutation: You evolve. [potion of mutation]
  2901 | D:2      | Gained mutation: You are frail. (-10% HP) [potion of
                  | mutation]
  2901 | D:2      | Gained mutation: You are resistant to electric shocks.
                  | (rElec) [potion of mutation]
  3034 | D:3      | Reached XP level 5. HP: 22/22 MP: 6/6
  3076 | D:3      | Reached skill level 5 in Dodging
  3452 | D:2      | Lost mutation: You are frail. (-10% HP) [potion of
                  | mutation]
  3452 | D:2      | Lost mutation: You evolve. [potion of mutation]
  3452 | D:2      | Lost mutation: You are resistant to electric shocks.
                  | (rElec) [potion of mutation]
  3452 | D:2      | Lost mutation: You do not regenerate when monsters are
                  | visible. [potion of mutation]
  3452 | D:2      | Gained mutation: You expend magic power (3 MP) to
                  | strengthen your wands. [potion of mutation]
  3452 | D:2      | Gained mutation: Your muscles are strong. (Str +2) [potion
                  | of mutation]
  3507 | D:2      | Killed from afar by an orc wizard
  3508 | D:2      | Reached XP level 4. HP: -2/22 MP: 5/5
  3826 | D:3      | Reached XP level 5. HP: 14/25 MP: 6/6
  4847 | D:3      | Mangled by a gnoll

Levels and vault maps discovered:
D:1:      elethiomel_arrival_shortcut, layout_basic, serial_co_window_serial,
          co_window_paths_a, co_window_paths_b, co_window_paths_a,
          co_window_corner_a, co_window_paths_b, co_window_unsneaky_path_e,
          co_window_corner_cb, co_window_corner_cb, co_window_unsneaky_path_e,
          co_window_broadway_c, co_window_paths_c, co_window_paths_d,
          glass_columns_c, glass_columns_a, glass_columns_b, minmay_domino_4
D:2:      layout_rooms
D:3:      wad_pebble_path, layout_basic, okawaru_trees_2,
          lemuel_zombie_altar_kikubaaqudgha, first_ration

Skill      XL: |  1  2  3  4  5 |
---------------+----------------+-----
Stealth        | 3 4 |  4.6
Unarmed Combat | 4 |  4.9
Dodging        | 5 |  5.3
Fighting       | 4 |  4.0

Action                   |  1- 3 |  4- 6 || total
-------------------------+-------+-------++-------
Melee: Unarmed           |   133 |   164 ||   297
       Bite              |    12 |    14 ||    26
       Punch             |     1 |     5 ||     6
  Use: Potion            |       |     6 ||     6
 Stab: Sleeping          |     8 |     2 ||    10
       Distracted        |       |     1 ||     1
  Eat: Chunk             |    10 |    10 ||    20
Armor: Skin              |     2 |     4 ||     6
Dodge: Dodged            |   114 |   186 ||   300
